Map: Automaton LE

Players

RotterdaM

  • Race: Terran Terran
  • League: Grandmaster
  • Spawn Location: 3:00

kemachi - Winner!

  • Race: Zerg Zerg
  • League: Master
  • Spawn Location: 9:00

VOD

Have the link to the VOD?

Description

Time

  • Played on: April 12, 2019, 4:52 p.m.
  • Length: 12:36
Show
View Real Time Build Order
Export as new Build Order

RotterdaM Terran 

Build Orders: Reaper Expand 

Get SALT Encoding   

  12  0:00  SCV  
  13  0:13  SCV  
  14  0:20  Supply Depot  
  14  0:25  SCV  
  15  0:41  SCV  
  16  0:43  Barracks  
  16  0:52  Refinery  
  16  0:53  SCV  
  17  1:05  SCV  
  18  1:18  SCV  
  19  1:33  Orbital Command  
  19  1:38  Reaper  
  20  1:43  Command Center  
  20  1:58  SCV  
  20  1:59  Supply Depot  
  20  2:09  Refinery  
  20  2:10  SCV  
  20  2:11  Reaper  
  22  2:17  Command Center  
  22  2:22  SCV  
  23  2:25  Supply Depot  
  23  2:42  SCV  
  24  2:45  Supply Depot  
  24  2:46  Barracks Reactor  
  24  2:48  Factory  
  24  2:54  SCV  
  25  3:06  SCV  
  26  3:18  SCV  
  27  3:30  SCV  
  28  3:36  Orbital Command  
  28  3:43  SCV  
  29  3:48  Factory  
  29  3:51  Hellion x2  
  29  3:55  SCV  
  34  4:07  SCV  
  35  4:11  Supply Depot  
  35  4:12  Barracks Tech Lab  
  35  4:13  Hellion  
  37  4:17  Armory  
  37  4:19  SCV  
  37  4:20  Hellion  
  40  4:25  Supply Depot  
  41  4:31  SCV  
  41  4:34  Hellion  
  43  4:43  SCV  
  44  4:48  Orbital Command, Hellion  
  46  4:55  SCV  
  46  4:58  Cyclone  
  46  4:59  Mag-Field Accelerator  
  50  5:03  Hellion  
  52  5:07  SCV  
  52  5:13  SCV  
  54  5:20  SCV  
  55  5:21  Hellion  
  55  5:25  SCV  
  55  5:28  Hellion x3  
  58  5:30  Cyclone  
  61  5:41  Hellion  
  61  5:42  SCV x2  
  59  5:43  Hellion  
  59  5:45  Factory  
  59  5:49  Supply Depot  
  61  5:52  Terran Vehicle Weapons Level 1  
  61  5:54  SCV  
  61  5:55  SCV, Armory  
  63  5:58  Refinery  
  63  5:59  Refinery  
  63  6:02  Cyclone  
  64  6:06  SCV  
  64  6:07  SCV  
  64  6:10  Hellion  
  68  6:32  Hellion  
  70  6:34  Hellion, Cyclone  
  70  6:35  SCV x2  
  70  6:38  Factory Tech Lab  
  77  6:41  Starport  
  77  6:47  SCV  
  77  6:51  Supply Depot  
  77  6:53  Supply Depot, Hellion  
  80  6:54  Supply Depot  
  80  6:55  Supply Depot  
  80  6:58  Terran Vehicle And Ship Armor Level 1  
  80  7:05  Infernal Pre-Igniter  
  80  7:06  Cyclone  
  80  7:07  Command Center  
  83  7:14  Cyclone  
  83  7:15  Hellion x2  
  90  7:29  Starport Tech Lab  
  86  7:39  Cyclone  
  72  7:46  SCV x2, Liberator, Cyclone  
  77  7:52  Hellion x2  
  77  7:58  SCV x2  
  86  8:10  SCV x2  
  86  8:11  Cyclone  
  91  8:14  Fusion Core, Hellion x2  
  95  8:22  SCV x2, Orbital Command  
  95  8:26  Refinery  
  97  8:31  Refinery  
  97  8:32  Hellion  
  97  8:33  Supply Depot  
  99  8:34  SCV x2  
  99  8:36  Liberator  
  97  8:43  Hellion, Cyclone  
  102  8:53  Cyclone  
  102  9:02  Command Center  
  91  9:12  Hellion x2  
  91  9:15  Cyclone  
  78  9:25  Cyclone  
  73  9:34  Hellion x2  
  73  9:42  SCV x2  
  72  9:47  Cyclone  
  72  9:49  Liberator  
  75  9:54  SCV  
  75  9:57  Cyclone  
  72  10:01  SCV  
  72  10:06  SCV  
  74  10:19  Hellion  
  70  10:30  Hellion  
  70  10:32  Liberator  
  72  10:41  Hellion  
  76  10:51  Hellion  
  78  11:02  Hellion  
  80  11:11  Advanced Ballistics  
  80  11:12  Cyclone  
  83  11:21  Command Center  
  83  11:23  Cyclone  
  83  11:24  Command Center  
  86  11:27  Liberator  
  78  11:44  Cyclone  
  66  11:55  Cyclone  
  69  12:06  SCV x2  
Show
View Real Time Build Order
Export as new Build Order

kemachi Zerg - Winner!

Build Orders: Pool First 

Get SALT Encoding   

  12  0:18  Spawning Pool  
  11  0:23  Drone  
  11  0:27  Drone  
  13  0:33  Drone  
  14  0:42  Overlord  
  14  1:06  Zergling x6  
  17  1:19  Hatchery  
  17  1:21  Drone  
  17  1:38  Queen, Drone  
  20  1:40  Drone  
  21  1:53  Overlord  
  21  2:04  Drone  
  22  2:15  Queen  
  25  2:22  Drone x2  
  24  2:38  Queen  
  25  2:45  Drone x3  
  25  2:46  Drone  
  29  2:57  Drone x2  
  29  2:58  Drone x2  
  33  3:01  Roach Warren  
  33  3:05  Extractor  
  31  3:07  Spore Crawler  
  31  3:12  Drone x2  
  34  3:19  Drone  
  35  3:23  Extractor  
  35  3:24  Spore Crawler  
  35  3:25  Spore Crawler  
  32  3:33  Overlord x2  
  34  3:45  Drone  
  35  3:51  Queen x2  
  35  3:52  Drone x4  
  35  3:55  Drone x3  
  46  3:59  Extractor  
  45  4:04  Overlord x2  
  45  4:07  Drone  
  46  4:11  Drone  
  46  4:13  Drone  
  48  4:24  Hatchery  
  48  4:28  Drone x3  
  48  4:29  Extractor  
  49  4:40  Lair  
  49  4:41  Drone x3  
  49  4:42  Drone x2  
  49  4:43  Overlord x2  
  54  4:56  Queen  
  54  5:07  Roach x6  
  54  5:13  Drone  
  54  5:14  Evolution Chamber  
  66  5:23  Roach x4  
  66  5:24  Extractor  
  73  5:32  Roach  
  73  5:46  Zerg Missile Weapons Level 1  
  73  5:51  Roach x6  
  73  5:52  Roach x2  
  89  6:02  Drone  
  90  6:05  Glial Reconstitution  
  90  6:11  Roach  
  90  6:13  Overlord  
  90  6:14  Overlord x5  
  88  6:26  Roach  
  88  6:29  Overlord x3  
  90  6:39  Ravager x2  
  90  6:40  Drone x4  
  90  6:41  Drone x4  
  98  6:48  Drone x4  
  98  6:53  Hydralisk Den  
  101  6:55  Drone x2  
  101  6:56  Drone  
  104  7:02  Ravager  
  104  7:03  Ravager x3  
  108  7:10  Extractor, Drone x2  
  108  7:11  Drone  
  108  7:12  Drone x2  
  108  7:13  Overseer  
  112  7:19  Drone x2  
  112  7:20  Drone  
  112  7:21  Drone x2  
  117  7:24  Extractor  
  115  7:36  Hatchery  
  101  7:53  Zerg Ground Armor Level 1  
  101  7:55  Roach x8  
  117  8:03  Evolution Chamber  
  117  8:04  Grooved Spines  
  116  8:06  Drone x7  
  123  8:16  Overlord  
  123  8:17  Roach x2  
  123  8:18  Roach x2  
  131  8:23  Roach x2  
  135  8:27  Ravager x2  
  135  8:28  Ravager x2  
  139  8:36  Zerg Missile Weapons Level 2  
  137  8:50  Roach  
  137  8:51  Roach x6  
  151  9:01  Extractor x2  
  132  9:10  Roach  
  132  9:11  Roach x7  
  134  9:24  Roach x6  
  124  9:47  Roach x5  
  107  10:10  Hatchery  
  107  10:13  Roach, Hydralisk x2  
  107  10:14  Hydralisk x5  
  112  10:20  Hydralisk  
  112  10:33  Zergling x14  
  112  10:34  Metabolic Boost  
  117  10:44  Queen  
  117  10:56  Hydralisk x5  
  117  10:57  Hydralisk x2  
  117  10:59  Zergling x2  
  126  11:12  Drone x8  
  134  11:22  Zergling x6  
  134  11:23  Zergling x2  
  130  11:41  Zergling x16  
  130  11:42  Zergling x6  
  132  11:57  Drone x9  
  140  12:12  Infestation Pit  
Tags
 
Add a new tag
Caveats
  • Supply blocks, unpowered buildings, or Contaminate may cause inaccurate times.
  • Supply counts are checked every 10 seconds.